 Dungeon Crawl Stone Soup version 0.19-a0-1682-g5114f93 (webtiles) character file.

177 Saways the Skirmisher (level 5, -1/41 HPs)
             Began as a Mummy Fighter on Sept 24, 2016.
             Slain by an ogre
             ... wielding a +0 giant club
              (15 damage)
             ... on level 4 of the Dungeon.
             The game lasted 00:03:42 (2494 turns).

Saways the Skirmisher (Mummy Fighter)               Turns: 2494, Time: 00:03:43

Health: -1/41      AC: 13    Str: 20    XL:     5   Next: 30%
Magic:  5/5        EV:  5    Int:  7    God:
Gold:   172        SH:  9    Dex: 12    Spells: 0 memorised, 4 levels left

rFire  x . .     SeeInvis .     a - +0 long sword
rCold  + . .     Gourm    .     g - +0 chain mail
rNeg   + + +     Faith    .     c - +0 shield
rPois  ∞         Spirit   .     k - +0 helmet
rElec  .         Dismiss  .     n - +0 cloak
rCorr  .         Reflect  .     d - +0 pair of gloves
MR     .....     Harm     .     (no boots)
Stlth  ..........               (no amulet)
                                (no ring)
                                (no ring)

@: no status effects
A: no food or potions, fire vulnerability, cold resistance 1, negative energy
resistance 3, torment resistance, unbreathing
a: no special abilities


You were on level 4 of the Dungeon.
You were not hungry.

You visited 1 branch of the dungeon, and saw 4 of its levels.

You collected 172 gold pieces.

Inventory:

Hand Weapons
 a - a +0 long sword (weapon)
Armour
 b - a +0 scale mail
 c - a +0 shield (worn)
 d - a +0 pair of gloves (worn)
 g - a +0 chain mail (worn)
 k - a +0 helmet (worn)
 n - a +0 cloak (worn)
Wands
 h - a wand of confusion (24/48)
 m - a wand of flame (18/48)
 o - a wand of flame (16/48)
Scrolls
 e - 2 scrolls of magic mapping {unknown}
 f - 3 scrolls of identify {unknown}
 i - a scroll of enchant armour {unknown}
 j - 2 scrolls of teleportation {unknown}
 l - a scroll of noise {unknown}
 p - a scroll of remove curse {unknown}
 q - 3 scrolls of fear {unknown}
 r - a scroll of blinking {unknown}


   Skills:
 + Level 3.6 Fighting
 * Level 3.5 Long Blades
 + Level 2.9 Armour
 + Level 1.0 Dodging
 - Level 2.5 Shields


You had 4 spell levels left.
You didn't know any spells.

Dungeon Overview and Level Annotations

Branches:
Dungeon (4/15)
 Temple: D:4-7

Altars:
Cheibriados
Zin


Innate Abilities, Weirdness & Mutations

You do not eat or drink.
Your flesh is vulnerable to fire.
You are immune to poison.
Your flesh is cold resistant. (rC+)
You are immune to negative energy. (rN+++)
You are immune to unholy pain and torment.
You can survive without breathing.


Message History

Press: ? - help, Shift-Dir - straight line, f/p - ogre
Aim: an ogre, wielding a giant club (chance to defeat MR: 46%)
The ogre resists with some effort.
Evoking this partially-identified wand wasted a few charges.
Evoke which item? (* to show all) (? for menu, Esc to quit)
Okay, then.
You slash the ogre!
The ogre is moderately wounded.
You block the ogre's attack.
An orc comes into view. It is wielding a flail.
You slash the ogre!
The ogre is severely wounded.
The ogre hits you with a giant club!
You hit the ogre.
The ogre is severely wounded.
The ogre hits you with a giant club!
You barely miss the ogre.
The ogre is severely wounded.
The ogre hits you with a giant club!
You die...

### ##
#....
##.#.
.o. #O#
#@#
#.....#
.######
.. ...
....
.....
.#####


You could see an ogre and an orc.

Vanquished Creatures
  Ijyb (D:2)
  Crazy Yiuf (D:2)
  Robin (D:2)
  2 adders
  2 oozes
  2 worms
  3 dart slugs
  A leopard gecko (D:2)
  2 orcs
  A ball python (D:2)
  4 giant cockroaches
  10 goblins
  13 hobgoblins
  9 jackals
  4 bats
  5 frilled lizards
  3 kobolds
  4 rats
68 creatures vanquished.

Notes
Turn   | Place    | Note
-------+----------+-------------------------------------------
     0 | D:1      | Saways the Mummy Fighter began the quest for the Orb.
     0 | D:1      | Reached XP level 1. HP: 18/18 MP: 1/1
    27 | D:1      | Reached XP level 2. HP: 24/24 MP: 2/2
   587 | D:1      | Reached XP level 3. HP: 29/29 MP: 3/3
   862 | D:2      | Noticed Ijyb
   879 | D:2      | Killed Ijyb
   879 | D:2      | Reached skill level 1 in Dodging
   949 | D:2      | Noticed Robin
   961 | D:2      | Reached XP level 4. HP: 18/35 MP: 4/4
   968 | D:2      | Killed Robin
  1390 | D:2      | Found a runed door.
  1960 | D:2      | Noticed Crazy Yiuf
  1970 | D:2      | Killed Crazy Yiuf
  2033 | D:3      | Reached XP level 5. HP: 41/41 MP: 5/5
  2126 | D:3      | Found a snail-covered altar of Cheibriados.
  2446 | D:3      | Noticed an angel
  2447 | D:3      | Found a glowing silver altar of Zin.
  2488 | D:4      | Noticed an ogre
  2494 | D:4      | Slain by an ogre

Vault maps used:
D:1:      sevenhm_arrival_forest_fort_small_3
D:2:      first_bread, uniq_crazy_yiuf_cottage, uniq_iyjb, uniq_robin
D:3:      kennysheep_slug_shrine, zin_angel
D:4:      uniq_duvessa

Skill      XL: |  1  2  3  4 |
---------------+-------------+-----
Long Blades    | 2 3 |  3.5
Dodging        | 1 |  1.0
Fighting       | |  3.6
Armour         | |  2.9
Shields        | |  2.5

Action                   |  1- 3 |  4- 6 || total
-------------------------+-------+-------++-------
Melee: Long sword        |   132 |   206 ||   338
Evoke: Wand              |       |     4 ||     4
 Stab: Invisible         |       |     2 ||     2
Armor: Scale mail        |    66 |       ||    66
       Chain mail        |    46 |   104 ||   150
Dodge: Dodged            |    56 |    34 ||    90
Block: Shield            |    90 |    97 ||   187
